 Dungeon Crawl Stone Soup version 0.25-a0-285-gcba6f664f8 (webtiles) character file.

Game seed: 13738856174591600834, levelgen mode: deterministic

43 night the Stinger (level 3, -2/26 HPs)
             Began as a Demonspawn Venom Mage on Dec 11, 2019.
             Slain by a black bear (3 damage)
             ... on level 2 of the Dungeon.
             The game lasted 00:04:32 (1826 turns).

night the Stinger (Demonspawn Venom Mage)           Turns: 1826, Time: 00:04:32

Health: -2/26      AC:  5    Str:  8    XL:     3   Next: 37%
Magic:  2/6        EV: 12    Int: 17    God:
Gold:   54         SH:  0    Dex: 13    Spells: 4/7 levels left

rFire    + . .     SeeInvis .   e - +0 dagger
rCold    . . .     Gourm    .   (no shield)
rNeg     . . .     Faith    .   a - +0 robe
rPois    .         Spirit   .   (no helmet)
rElec    .         Reflect  .   (no cloak)
rCorr    .         Harm     .   k - +0 pair of gloves (curse)
MR       .....                  (no boots)
Stlth    ++........             (no amulet)
HPRegen  0.08/turn              d - ring of protection from fire
MPRegen  0.10/turn              (no ring)

@: no status effects
A: hooves 1, iridescent scales 1
a: no special abilities


You were on level 2 of the Dungeon.
You were not hungry.

You visited 1 branch of the dungeon, and saw 2 of its levels.

You collected 54 gold pieces.

Inventory:

Hand Weapons
 e - a +0 dagger (weapon)
Missiles
 i - 16 poisoned darts (quivered)
Armour
 a - a +0 robe (worn)
 k - a cursed +0 pair of gloves (worn)
Jewellery
 d - a ring of protection from fire (left hand)
Scrolls
 g - a scroll of remove curse {unknown}
 h - a scroll of enchant armour {unknown}
 j - a scroll of magic mapping {unknown}
Potions
 f - a potion of degeneration {unknown}
Comestibles
 c - a ration


   Skills:
 + Level 1.6 Fighting
 - Level 1.7 Dodging
 - Level 1.7 Stealth
 + Level 2.6 Spellcasting
 - Level 0.8 Transmutations
 + Level 3.5 Poison Magic


You had 4 spell levels left.
You knew the following spells:

 Your Spells              Type           Power        Failure   Level  Hunger
a - Sting                 Tmut/Pois      #...         8%          1    #......
b - Poisonous Vapours     Pois/Air       #.....       13%         2    ##.....

Your spell library contained the following spells:

 Spells                   Type           Power        Failure   Level  Hunger
 Ignite Poison            Fire/Tmut/Pois #.......     30%         3    ###....
 Mephitic Cloud           Conj/Pois/Air  #.......     32%         3    ###....
 Olgreb's Toxic Radiance  Pois           ##......     38%         4    #####..


Dungeon Overview and Level Annotations

Branches:
Dungeon (2/15)

Altars:


Innate Abilities, Weirdness & Mutations

You have large cloven feet.
You are partially covered in iridescent scales. (AC +2)


Message History

The black bear is poisoned.
The black bear is heavily wounded.
Casting: Sting (safe; 8% risk of failure)
Confirm with . or Enter, or press ? or * to list all spells.
Aiming: Sting (safe; 8% risk of failure)
Press: ? - help, Shift-Dir - straight line, f/p - black bear
Aim: a black bear (heavily wounded, poisoned)
The sting hits the black bear.
The black bear looks even sicker.
The black bear is heavily wounded.
The black bear bites you!
* * * LOW HITPOINT WARNING * * *
The black bear claws you.
* * * LOW HITPOINT WARNING * * *
The black bear claws you.
* * * LOW HITPOINT WARNING * * *
You hit the black bear but do no damage.
You kick the black bear.
The black bear is severely wounded.
The black bear bites you.
You die...

#######################
#......................
##.####################
#.# #.##### #...h@#
#######


You could see a black bear.

Vanquished Creatures
  An adder (D:2)
  A worm (D:2)
  2 leopard geckos (D:1)
  5 bats (D:1)
  A giant cockroach (D:1)
  3 hobgoblins (D:1)
  2 jackals (D:1)
  3 kobolds (D:1)
  4 frilled lizards (D:1)
  3 goblins (D:1)
  5 rats
30 creatures vanquished.

Notes
Turn   | Place    | Note
-------+----------+-------------------------------------------
     0 | D:1      | night the Demonspawn Venom Mage began the quest for the
                  | Orb.
     0 | D:1      | Reached XP level 1. HP: 13/13 MP: 3/3
   317 | D:1      | Gained mutation: You are partially covered in iridescent
                  | scales. (AC +2) [demonic ancestry]
   317 | D:1      | Reached XP level 2. HP: 8/20 MP: 0/5
   693 | D:1      | Reached skill level 1 in Fighting
   811 | D:1      | Learned a level 2 spell: Poisonous Vapours
  1431 | D:1      | Gained mutation: You have large cloven feet. [demonic
                  | ancestry]
  1431 | D:1      | Reached XP level 3. HP: 26/26 MP: 3/6
  1760 | D:2      | Noticed a black bear
  1825 | D:2      | HP: 1/26 [black bear (2)]
  1826 | D:2      | Slain by a black bear

Levels and vault maps discovered:
D:1:      grunt_arrival_lava_bath, layout_basic
D:2:      layout_basic, chequers_serial_rivers_small_b, uniq_robin, uniq_natasha

Skill      XL: |  1  2 |
---------------+-------+-----
Fighting       | 1 |  1.6
Dodging        | |  1.7
Stealth        | |  1.7
Spellcasting   | |  2.6
Transmutations | |  0.8
Poison Magic   | |  3.5

Action                   || total
-------------------------++-------
Melee: Unarmed           ||    22
       Dagger            ||    23
       Kick              ||     1
 Cast: Sting             ||    34
       Poisonous Vapours ||    15
  Eat: Chunk             ||     4
Armor: Robe              ||    37
Dodge: Dodged            ||    57

Table legend:
 A = Non-vault XP
 B = Vault XP
 C = Vault XP percentage of total XP
 D = Non-vault monster count
 E = Vault monster count
 F = Vault count percentage of total count
                 A         B        C        D         E       F
            +---------+---------+-------+---------+---------+-------
      Total |      62 |       0 |   0.0 |      30 |       0 |   0.0
            +---------+---------+-------+---------+---------+-------
        D:1 |      43 |       0 |   0.0 |      27 |       0 |   0.0
        D:2 |      19 |       0 |   0.0 |       3 |       0 |   0.0
            +---------+---------+-------+---------+---------+-------
